 Dungeon Crawl Stone Soup version 0.31-a0-988-g08d55dae12 (webtiles) character file.

Game seed: 13656881622109230297

1 Azuregosa the Sneak (level 1, 0/16 HPs)
             Began as an Octopode Delver on Nov 5, 2023.
             Was an Initiate of Sif Muna.
             Slain by an orc
             ... wielding a +0 flail
              (6 damage)
             ... on level 4 of the Dungeon.
             The game lasted 00:03:05 (70 turns).

Azuregosa the Sneak (Octopode Delver)                 Turns: 70, Time: 00:03:06

Health: 0/16       AC:  1    Str: 11    XL:     1   Next: 20%
Magic:  1/1        EV: 13    Int: 12    God:    Sif Muna [......]
Gold:   0          SH:  0    Dex: 13    Spells: 0/0 levels left

rFire   . . .        a - +0 falchion
rCold   . . .        (no shield)
rNeg    . . .        (helmet restricted)
rPois   .            (no amulet)
rElec   .            (no ring)
rCorr   .            (no ring)
SInv    .            (no ring)
Will    .....        (no ring)
Stlth   ++++         (no ring)
HPRegen 0.22/turn    (no ring)
MPRegen 0.07/turn    (no ring)
                     (no ring)

%: no passive effects
@: no status effects
A: almost no armour, amphibious, 8 rings, camouflage 1, gelatinous body 1,
(nimble swimmer 1), tentacles
a: Renounce Religion


You were on level 4 of the Dungeon.
You worshipped Sif Muna.
Sif Muna was noncommittal.
You visited 2 branches of the dungeon, and saw 3 of its levels.

Inventory:

Hand Weapons
 a - a +0 falchion (weapon)
Wands
 f - a wand of digging (3)
Scrolls
 b - a scroll of fog
 d - a scroll of fear
Potions
 e - a potion of haste


   Skills:
 - Level 3.0 Fighting
 - Level 2.0 Long Blades
 - Level 2.0 Dodging
 + Level 6.7 Stealth


You couldn't memorise any spells.
You didn't know any spells.
Your spell library was empty.

Dungeon Overview and Level Annotations

Branches:
Dungeon (5/15)             Temple (1/1) D:4

Altars:
Ashenzari
Elyvilon
Fedhas
Gozag
Hepliaklqana
Kikubaaqudgha
Makhleb
Nemelex Xobeh
Okawaru
Qazlal
Ru
Sif Muna
Trog
Uskayaw
Vehumet
Yredelemnul
Zin
The Shining One


Innate Abilities, Weirdness & Mutations

You cannot wear most types of armour.
You are amphibious.
You can wear up to eight rings at the same time.
Your skin changes colour to match your surroundings (Stealth+).
Your rubbery body absorbs attacks. (AC +1, EV +1)
((You are camouflaged when in or above water. (Stealth+)))
You have tentacles for arms and can constrict up to eight enemies at once.


Message History

Okay, then.
You barely miss the kobold. You grab the kobold. You squeeze the kobold.
You kill the kobold!
You open the door.
Found a staircase to the Ecumenical Temple.
There is an open door here.
Found a leather armour.
There is a staircase to the Ecumenical Temple here.
You climb downwards.
Welcome to the Ecumenical Temple!
Found a staircase back to the Dungeon.
There is a staircase back to the Dungeon here.
Your library has no spells.
You have 0 gold pieces.
Found a stormy altar of Qazlal.
Found a glowing golden altar of the Shining One.
Found a shimmering blue altar of Sif Muna and a bloodstained altar of Trog.
There is a shimmering blue altar of Sif Muna here.
You curl up in front of the altar of Sif Muna.
You curl up in front of the altar of Sif Muna.
Sif Muna welcomes you!
Found a hazy altar of Hepliaklqana.
Found a sparkling altar of Nemelex Xobeh.
There is a glowing golden altar of the Shining One here.
Found an ancient bone altar of Kikubaaqudgha.
There is a staircase back to the Dungeon here.
You climb upwards.
There is a staircase to the Ecumenical Temple here.
You open the door.
There is an open door here.
An orc comes into view. It is wielding a +0 flail.
Found a wand of digging (6). 2 orcs come into view.
Found an escape hatch in the ceiling.
The orc shouts! x2
You closely miss the orc. Your grab misses the orc. The orc closely misses you.
You barely miss the orc. You grab the orc. You constrict the orc.
The orc hits you with a +0 flail!
Ouch! That really hurt!
The orc hits you with a +0 flail.
You die...

#.....+#...# ###
#..........# ..#
#.§>.......#
..###..§.......#####
..'............'...#
..########.#...###.#
..########[#######.##.#.#
>.........................
#...#########...@...###.##
#)....# #.#.oo./# #.....#
# #..o..# #.....# #.....#
#.....# #.....# ###...#
#.....+ ...# #.....# .###
......#


You could see 3 orcs.

Vanquished Creatures
  A kobold (D:4)
1 creature vanquished.

Notes
Turn   | Place    | Note
-------+----------+-------------------------------------------
     0 | D:5      | Azuregosa the Octopode Delver began the quest for the Orb.
     0 | D:5      | Reached XP level 1. HP: 16/16 MP: 1/1
    19 | D:4      | Found a staircase to the Ecumenical Temple.
    26 | Temple   | Entered the Ecumenical Temple
    38 | Temple   | Became a worshipper of Sif Muna the Loreminder
    70 | D:4      | Slain by an orc

Illustrated notes

Levels and vault maps discovered:
D:4:      layout_basic, minmay_temple_entry_purple_smoke, nrook_mini_backslash
D:5:      gammafunk_steamed_eel, layout_loops_ring, minmay_between
Temple:   mainiacjoe_temple_coin_purse

Action                     || total
---------------------------++-------
  Melee: Falchion          ||     3
         Constrict         ||     2
         Tentacles         ||     1
    Use: Scroll            ||     1
 Armour: Skin              ||     2
  Dodge: Dodged            ||     1

Table legend: (Time is in decaauts)
 A = Elapsed time spent in this place.
 B = Non-inter-level travel time spent in this place.
 C = Inter-level travel time spent in this place.
 D = Time resting spent in this place.
 E = Time spent auto-exploring this place.
 F = Levels seen in this place.
 G = Mean time per level.
                   A        B        C        D        E       F      G
               +--------+--------+--------+--------+--------+-----+--------+
         Total |     70 |     70 |      0 |      0 |     15 |   3 |   23.3 |
       Dungeon |     43 |     43 |      0 |      0 |     15 |   2 |   21.5 |
        Temple |     26 |     26 |      0 |      0 |      0 |   1 |   26.0 |
               +--------+--------+--------+--------+--------+-----+--------+

Top non-repeatable levels by time:
     D:4: 33 daAuts
  Temple: 26 daAuts
     D:5: 10 daAuts
